 Dungeon Crawl Stone Soup version 0.18-a0-183-gad09a0e (webtiles) character file.

44 Zippy the Ruffian (level 3, -11/31 HPs)
             Began as a Draconian Chaos Knight on Nov 23, 2015.
             Mangled by a gnoll
             ... wielding a +0 halberd
              (17 damage)
             ... on level 1 of the Dungeon.
             The game lasted 00:04:15 (1895 turns).

Zippy the Ruffian (Draconian Chaos Knight)          Turns: 1895, Time: 00:04:16

Health: -11/31     AC:  5    Str: 14      XL:     3   Next: 39%
Magic:  3/3        EV: 11    Int: 12      God:    Xom [*.....]
Gold:   136        SH:  0    Dex: 10 (11) Spells: 0 memorised, 2 levels left

rFire  . . .     SeeInvis .       - Unarmed
rCold  . . .     Clarity  .     (armour unavailable)
rNeg   . . .     SustAt   .     (no shield)
rPois  .         Gourm    .     (helmet restricted)
rElec  .         Spirit   .     (no cloak)
rCorr  .         Warding  .     (no gloves)
rMut   .         Stasis   .     (no boots)
MR     .....                    (no amulet)
Stlth  +.........               (no ring)
                                (no ring)

@: drained, not resistant to hostile enchantments, very unstealthy
A: unfitting armour, cold-blooded, AC +5
a: Renounce Religion


You were on level 1 of the Dungeon.
You worshipped Xom.
You were a special plaything of Xom.
You were very hungry.

You visited 1 branch of the dungeon, and saw 2 of its levels.

You collected 136 gold pieces.

Inventory:

Scrolls
 b - a scroll of fog {unknown}
 d - a scroll of remove curse
 e - a scroll of teleportation {unknown}
 g - 2 scrolls of identify {unknown}
 j - a scroll of noise {unknown}
Comestibles
 a - a bread ration
 i - a meat ration


   Skills:
 - Level 3.2(2.1) Fighting
 - Level 2.1(1.0) Dodging
 + Level 4.4(3.3) Unarmed Combat


You had 2 spell levels left.
You didn't know any spells.

Dungeon Overview and Level Annotations

Branches:
Dungeon (2/15)

Altars:

Annotations:
D:2 Crazy Yiuf


Innate Abilities, Weirdness & Mutations

Your plain brown scales are hard (AC +5).
Your body does not fit into most forms of armour.
You are cold-blooded and may be slowed by cold attacks.


Message History

The gnoll hits you with a halberd!
You are too injured to fight recklessly!
You are too injured to fight recklessly!
You closely miss the gnoll.
The gnoll is heavily wounded.
The gnoll barely misses you.
You completely miss the gnoll.
The gnoll is heavily wounded.
You hit the gnoll but do no damage.
The gnoll is heavily wounded.
The gnoll hits you with a halberd!
* * * LOW HITPOINT WARNING * * *
You hit the gnoll.
The gnoll is almost dead.
You barely miss the gnoll.
The gnoll is almost dead.
The gnoll hits you with a halberd!
Ouch! That really hurt!
You die...
Xom chortles!

#.# #...#.# #.###.#....###.###
#.# #..)#.# #.# #.#....'.#.# #.#
#...#.# #.# #.#....#.#.# #.#
#...#.# #.# #.#.####(#.# #.#
#...#.# #.# #.#.####.#.# #.#
###...# #.# #.#....†.#.### #.#
#...# #.# #.########.... #.#
#...###.###.############ #.#
#...'.g@................
##.#######...##############.#####
#...........................#
##########...##############.#
######### #.#
#.......##########.#####
#...............#......#
#.......#######.######.#
#####.### #.......###.#


You could see a gnoll.

Vanquished Creatures
  A river rat (D:1)
  A worm (D:2)
  2 giant geckos (D:1)
  2 giant cockroaches
  3 hobgoblins (D:1)
  4 kobolds
  3 bats (D:2)
  2 giant newts (D:1)
  5 goblins
  4 jackals (D:1)
  5 rats
32 creatures vanquished.

Notes
Turn   | Place    | Note
--------------------------------------------------------------
     0 | D:1      | Zippy the Draconian Chaos Knight began the quest for the Orb.
     0 | D:1      | Reached XP level 1. HP: 19/19 MP: 1/1
     0 | D:1      | XOM: harmless Trmt miscast
    51 | D:1      | XOM: silly message
   159 | D:1      | XOM: polymorph giant newt -> giant gecko
   176 | D:1      | XOM: polymorph goblin -> river rat
   179 | D:1      | XOM: butterfly on damage
   180 | D:1      | Reached XP level 2. HP: 5/26 MP: 2/2
   355 | D:1      | XOM: 8-stop teleportation journey
   482 | D:1      | Reached skill level 4 in Unarmed Combat
   759 | D:1      | XOM is BORED!
   759 | D:1      | XOM: noise
   766 | D:1      | XOM: give mutation
   766 | D:1      | Gained mutation: You are weak. (Str -2) [Xom's mischief]
   781 | D:1      | XOM: god gift: 46 gold pieces
   894 | D:1      | XOM is BORED!
   894 | D:1      | XOM: mild Chrm miscast
  1181 | D:1      | Reached XP level 3. HP: 27/31 MP: 3/3
  1540 | D:2      | Noticed Crazy Yiuf
  1551 | D:2      | HP: 1/31 [Crazy Yiuf/quarterstaff of chaos (1)]
  1552 | D:2      | Lost mutation: You are weak. (Str -2) [potion of cure mutation]
  1614 | D:1      | XOM: stat loss: -1 Dex (10/11)
  1655 | D:1      | XOM: medium Necr miscast
  1895 | D:1      | Mangled by a gnoll

Vault maps used:
D:1:      roderic_octagonal_star
D:2:      uniq_crazy_yiuf_cottage

Action                   || total
-------------------------++-------
Melee: Unarmed           ||   141
  Use: Scroll            ||     3
       Potion            ||     2
  Eat: Chunk             ||     2
